 Dungeon Crawl Stone Soup version 0.26.1-2-gb8aa6d0 (webtiles) character file.

Game seed: 11273640698333478477

583 Nithhogg the Chopper (level 7, 0/82 HPs)
             Began as a Human Monk on Mar 30, 2021.
             Slain by an orc wizard
             ... wielding a +1 dagger of distortion
              (14 damage)
             ... on level 5 of the Dungeon.
             The game lasted 00:09:38 (6578 turns).

Nithhogg the Chopper (Human Monk)                   Turns: 6578, Time: 00:09:38

Health: 0/82       AC:  6    Str: 13    XL:     7   Next: 64%
Magic:  7/7        EV: 13    Int: 10    God:
Gold:   228        SH:  5    Dex: 16    Spells: 6/6 levels left

rFire    . . .     SeeInvis .   A - +3 hand axe
rCold    . . .     Faith    .   (no shield)
rNeg     . . .     Spirit   .   o - +0 ring mail
rPois    .         Reflect  +   (no helmet)
rElec    .         Harm     .   f - +0 cloak
rCorr    .         Rampage  .   (no gloves)
Will     .....                  (no boots)
Stlth    ..........             e - amulet of reflection
HPRegen  0.23/turn              (no ring)
MPRegen  0.10/turn              (no ring)

@: berserking, very quick
A: no striking features
a: no special abilities


You were on level 5 of the Dungeon.
You visited 1 branch of the dungeon, and saw 5 of its levels.

You collected 228 gold pieces.

Inventory:

Hand Weapons
 a - a +0 hand axe
 A - a +3 hand axe (weapon)
Armour
 b - a +0 robe
 f - a +0 cloak (worn)
 o - a +0 ring mail (worn)
Jewellery
 e - an amulet of reflection (around neck)
Wands
 w - a wand of iceblast (7)
 x - a wand of random effects (25)
Scrolls
 c - a scroll of fog {unknown}
 d - 4 scrolls of identify {unknown}
 g - 5 scrolls of magic mapping {unknown}
 h - a scroll of teleportation {unknown}
 i - a scroll of enchant armour {unknown}
 l - a scroll of noise {unknown}
 n - 2 scrolls of amnesia {unknown}
 s - a scroll of random uselessness {unknown}
 v - a scroll of remove curse {unknown}
 y - a scroll of blinking {unknown}
 z - a scroll of enchant weapon {unknown}
Potions
 j - a potion of degeneration {unknown}
 k - a potion of might {unknown}
 m - a potion of mutation {unknown}
 p - a potion of brilliance {unknown}
 q - a potion of attraction {unknown}
 r - a potion of berserk rage
 t - a potion of curing {unknown}
 u - a potion of resistance {unknown}
 B - a potion of ambrosia {unknown}


   Skills:
 + Level 4.5 Fighting
 * Level 5.6 Axes
 + Level 3.1 Armour
 + Level 4.5 Dodging
 - Level 2.0 Stealth


You had 6 spell levels left.
You didn't know any spells.
Your spell library was empty.

Dungeon Overview and Level Annotations

Branches:
Dungeon (5/15)
 Temple: D:4-7

Altars:
Uskayaw


Message History

The orc wizard is moderately wounded.
The orc wizard looks encouraged for a moment.
You completely miss the orc wizard.
The orc wizard is moderately wounded.
The orc wizard hits you but does no damage.
Space bends around you.
The orc wizard hits you with a +1 dagger of distortion.
Space warps horribly around you!
* * * LOW HITPOINT WARNING * * *
It was a potion of berserk rage.
A red film seems to cover your vision as you go berserk!
You feel yourself moving faster!
You feel mighty!
The orc wizard hits you but does no damage.
Space bends around you.
* * * LOW HITPOINT WARNING * * *
You slash the orc wizard!
The orc wizard is severely wounded.
The orc wizard hits you but does no damage.
Space warps horribly around you!
You die...

#.....#.######
#.........# .
##...####.# ..
#..####.## #..
##.####.## #..
##..###.##
#..#.)†##.##
#..[.#...#
##.o@...##
#..#....#
#...##.....#
#.... ##....#
...##. #...#.#
...# ##
#...##.# ..#
.....##.# ..
....## ##


You could see an orc wizard (fast).

Vanquished Creatures
  An ogre (D:4)
  A phantom (D:4)
  A scorpion (D:5)
  2 orc priests (D:4)
  2 orc wizards
  A bullfrog skeleton (D:4)
  2 worker ants
  6 adders
  An ufetubus (D:3)
  2 oozes
  An adder skeleton (D:4)
  4 worms
  4 dart slugs
  5 leopard geckos
  7 orcs
  2 giant cockroaches
  13 goblins
  8 hobgoblins
  2 jackals (D:3)
  5 kobolds
  A quokka (D:2)
  9 bats
  4 frilled lizards
  A leopard gecko skeleton (D:4)
  A quokka skeleton (D:4)
  9 rats
95 creatures vanquished.

Notes
Turn   | Place    | Note
-------+----------+-------------------------------------------
     0 | D:1      | Nithhogg the Human Monk began the quest for the Orb.
     0 | D:1      | Reached XP level 1. HP: 18/18 MP: 1/1
   474 | D:1      | Reached XP level 2. HP: 20/24 MP: 2/2
   925 | D:1      | Reached XP level 3. HP: 25/29 MP: 3/3
  1497 | D:1      | Reached skill level 1 in Armour
  2031 | D:2      | Found a hide-covered altar of Uskayaw.
  2168 | D:2      | Found a faded altar of an unknown god.
  2181 | D:2      | Reached XP level 4. HP: 31/35 MP: 4/4
  3575 | D:3      | Reached skill level 4 in Axes
  3618 | D:3      | Reached XP level 5. HP: 35/41 MP: 5/5
  4632 | D:4      | Reached XP level 6. HP: 48/48 MP: 6/6
  4801 | D:4      | Noticed a phantom
  5291 | D:4      | Killed a phantom
  5642 | D:4      | Noticed an ogre
  5672 | D:4      | Killed an ogre
  5673 | D:4      | Reached skill level 5 in Axes
  5673 | D:4      | Reached XP level 7. HP: 40/54 MP: 7/7
  6312 | D:5      | Entered Level 5 of the Dungeon
  6578 | D:5      | Slain by an orc wizard

Illustrated notes

Levels and vault maps discovered:
D:1:      dpeg_arrival_more_subterranean_lakeside_camping, layout_loops_ring
D:2:      layout_basic, old_standard_altar, chequers_ecumenical_altar_island
D:3:      layout_loops_corners
D:4:      layout_layer_cave, due_unseen_surprise
D:5:      layout_layer_cave, minmay_temple_entry_junction_2

Skill      XL: |  1  2  3  4  5  6  7 |
---------------+----------------------+-----
Armour         | 1 2 3 |  3.1
Axes           | 4 5 |  5.6
Fighting       | 4 |  4.5
Dodging        | 4 |  4.5
Stealth        | |  2.0

Action                   |  1- 3 |  4- 6 |  7- 9 || total
-------------------------+-------+-------+-------++-------
Melee: Hand axe          |   136 |   275 |    68 ||   479
  Use: Potion            |       |       |     1 ||     1
 Stab: Sleeping          |     4 |     3 |     1 ||     8
       Distracted        |       |     1 |       ||     1
Armor: Robe              |    14 |     2 |       ||    16
       Ring mail         |       |    52 |    13 ||    65
Dodge: Dodged            |    79 |   145 |    24 ||   248
Block: Other             |       |    42 |    10 ||    52
